 Dungeon Crawl Stone Soup version 0.17.1-2-g5865329 (webtiles) character file.

6371 Glider the Zephyrmancer (level 10, -2/60 HPs)
             Began as a Tengu Air Elementalist on Feb 8, 2016.
             Was a Believer of Vehumet.
             Slain by a water elemental (10 damage)
             ... on level 11 of the Dungeon on Feb 9, 2016.
             The game lasted 01:04:09 (14709 turns).

Glider the Zephyrmancer (Tengu Air Elementalist)   Turns: 14709, Time: 01:04:16

Health: -2/60      AC:  3    Str:  9    XL:     10   Next: 97%
Magic:  11/20      EV: 15    Int: 22    God:    Vehumet [**....]
Gold:   238        SH:  0    Dex: 18    Spells: 5 memorised, 8 levels left

rFire  . . .     SeeInvis .     z - +2 great sword (freeze)
rCold  . . .     Clarity  .     e - +0 leather armour of the Lute {-Tele Int+3 Dex+4}
rNeg   . . .     SustAt   .     (shield currently unavailable)
rPois  +         Gourm    .     (helmet restricted)
rElec  .         Spirit   .     (no cloak)
rCorr  .         Warding  .     (no gloves)
rMut   .         NoTele   +     (boots unavailable)
MR     .....                    (no amulet)
Stlth  ++........               C - +2 ring of slaying
                                j - ring of poison resistance

@: engulfed (cannot breathe), repel missiles, not resistant to hostile
enchantments, unstealthy
A: beak, talons 3, able to fly 1
a: Fly, Renounce Religion


You were on level 11 of the Dungeon.
You worshipped Vehumet.
Vehumet was pleased with you.
You were near starving.

You visited 3 branches of the dungeon, and saw 13 of its levels.

You collected 539 gold pieces.
You spent 301 gold pieces at shops.

Inventory:

Hand Weapons
 z - a +2 great sword of freezing (weapon)
 I - a +3 short sword of venom
Armour
 e - the +0 leather armour of the Lute (worn) {-Tele Int+3 Dex+4}
   (You found it on level 4 of the Dungeon)

   It affects your intelligence (+3).
   It affects your dexterity (+4).
   It prevents most forms of teleportation.
Magical Staves
 k - an uncursed staff of wizardry
Jewellery
 j - a ring of poison resistance (left hand)
 q - an uncursed ring of see invisible
 r - an uncursed ring of flight
 C - a +2 ring of slaying (right hand)
Wands
 a - a wand of draining (8)
 b - a wand of teleportation (3)
 m - a wand of digging (4)
 o - a wand of random effects (27)
 s - a wand of digging (14)
 t - a wand of magic darts (34)
 v - a wand of paralysis (4)
 A - a wand of cold (0)
 E - a wand of cold (10)
 N - a wand of paralysis (6)
 O - a wand of fireball (3)
 P - a wand of disintegration (9)
Scrolls
 d - 2 scrolls of amnesia {unknown}
 f - 7 scrolls of enchant weapon
 h - 5 scrolls of remove curse
 l - 2 scrolls of random uselessness {unknown}
 p - 5 scrolls of fog
 u - a scroll of recharging
 w - a scroll of blinking {unknown}
 x - a scroll of immolation {unknown}
 y - a scroll of fear
 K - a scroll of holy word {unknown}
 R - 5 scrolls of teleportation
Potions
 g - 3 potions of heal wounds
 i - 3 potions of curing
 n - a potion of might {unknown}
 B - a potion of resistance
 D - a potion of invisibility {unknown}
 G - 3 potions of agility
 H - 2 potions of berserk rage
 L - a potion of lignification
 M - 2 potions of brilliance
 Q - 2 potions of ambrosia
Miscellaneous
 J - a fan of gales
Comestibles
 c - 12 bread rations
 F - a beef jerky
 U - 2 slices of pizza


   Skills:
 - Level 6.0 Fighting
 - Level 5.0 Dodging
 - Level 2.0 Stealth
 - Level 6.0 Spellcasting
 * Level 11.8 Conjurations
 - Level 2.1 Charms
 * Level 11.8 Air Magic


You had 8 spell levels left.
You knew the following spells:

 Your Spells              Type           Power        Failure   Level  Hunger
a - Shock                 Conj/Air       ####         1%          1    None
b - Repel Missiles        Chrm/Air       #####.       1%          2    None
c - Swiftness             Chrm/Air       #####...     1%          2    None
d - Static Discharge      Conj/Air       ######..     1%          3    #......
e - Lightning Bolt        Conj/Air       ######....   3%          5    #####..


Dungeon Overview and Level Annotations

Branches:
Dungeon (11/15)            Temple (1/1) D:5            Lair (1/8) D:8
    Orc (0/4) D:10

Altars:
Ashenzari
Cheibriados
Dithmenos
Elyvilon
Fedhas
Gozag
Kikubaaqudgha
Makhleb
Nemelex Xobeh
Okawaru
Qazlal
Ru
Sif Muna
Trog
Vehumet
Yredelemnul
Zin
The Shining One

Shops:
D:8 ?   D:10 *


Innate Abilities, Weirdness & Mutations

You have a beak for a mouth.
You have claws for feet.
You can fly.


Message History

Casting: Shock
Confirm with . or Enter, or press ? or * to list all spells.
The air around you crackles with electrical energy.
The water elemental hits you.
Casting: Static Discharge
Confirm with . or Enter, or press ? or * to list all spells.
The air around you crackles with electrical energy.
The yak barely misses you. The water elemental hits you!
The water elemental engulfs you in water!
You cannot cast spells while unable to breathe!
Drop what? 45/52 slots (_ for help) (? for menu, Esc to quit)
Okay, then.
You slash the water elemental! You freeze the water elemental.
You claw the water elemental.
The water elemental is heavily damaged.
Your lungs strain for air!
The yak barely misses you. The water elemental hits you!! The yak gores you!
* * * LOW HITPOINT WARNING * * *
The water elemental hits you!
You die...

...............
;..........
.....Y. #'''#
##...##
##.....##
#...<...#
#..EY...#
#..@.<..#
##.....##
##...## #####


You could see a water elemental and 2 yaks.

Vanquished Creatures
  Josephine (D:10)
  A two-headed ogre (D:10)
  2 yaks
  3 wraiths (D:10)
  A wyvern (D:10)
  A hippogriff (D:10)
  Edmund (D:4)
  A water moccasin (D:10)
  An orc warrior (D:9)
  4 sky beasts
  A black bear (D:8)
  3 phantoms (D:4)
  3 ice beasts
  A necrophage (D:7)
  5 ogres
  2 centaurs
  Blork the orc (D:4)
  A crocodile (D:8)
  4 giant frogs
  6 scorpions
  5 killer bees (D:9)
  4 wights (D:10)
  3 giant frog zombies
  2 crimson imps
  An orc priest (D:4)
  3 jellies
  2 giant frog skeletons
  4 hounds
  A gnoll shaman (D:5)
  A quasit (D:10)
  Jessica (D:2)
  Terence (D:2)
  7 orc wizards
  2 iguanas
  7 worker ants
  A hound skeleton (D:7)
  A worker ant zombie (D:5)
  4 gnolls (D:5)
  11 adders
  3 river rats (D:8)
  A shadow imp (D:8)
  2 adder skeletons
  7 worms
  2 giant geckos
  29 orcs
  4 ball pythons
  3 giant cockroaches
  9 goblins
  8 hobgoblins
  6 bats
  A giant gecko skeleton (D:6)
  7 giant newts
  11 jackals
  4 kobolds
  6 quokkas
  8 rats
  2 plants (D:8)
217 creatures vanquished.

Vanquished Creatures (others)
  3 fungi (D:8)
3 creatures vanquished.

Grand Total: 220 creatures vanquished

Notes
Turn   | Place    | Note
--------------------------------------------------------------
     0 | D:1      | Glider the Tengu Air Elementalist began the quest for the Orb.
     0 | D:1      | Reached XP level 1. HP: 10/10 MP: 4/4
   183 | D:1      | Reached XP level 2. HP: 15/15 MP: 4/6
   187 | D:1      | Learned a level 2 spell: Repel Missiles
   190 | D:1      | Learned a level 2 spell: Swiftness
  1025 | D:1      | Reached XP level 3. HP: 7/19 MP: 0/7
  1407 | D:2      | Noticed Terence
  1684 | D:2      | Killed Terence
  1684 | D:2      | Reached skill level 5 in Air Magic
  1684 | D:2      | Reached XP level 4. HP: 22/24 MP: 1/8
  1907 | D:2      | Noticed Jessica
  1911 | D:2      | Killed Jessica
  1930 | D:2      | Identified Jessica's Tome of Black Rites
  2130 | D:2      | Found a basalt altar of Yredelemnul.
  2133 | D:2      | Found a deep blue altar of Sif Muna.
  2135 | D:2      | Reached skill level 1 in Charms
  2303 | D:2      | Gained mutation: You can fly. [Tengu growth]
  2303 | D:2      | Reached XP level 5. HP: 14/28 MP: 9/9
  2812 | D:3      | Learned a level 3 spell: Static Discharge
  2859 | D:3      | Reached skill level 6 in Air Magic
  3104 | D:3      | Found a stormy altar of Qazlal.
  3514 | D:4      | Noticed Edmund
  3681 | D:4      | Found a glowing silver altar of Zin.
  3766 | D:4      | Reached XP level 6. HP: 22/32 MP: 10/10
  3908 | D:4      | Noticed a phantom
  3946 | D:4      | Killed a phantom
  3946 | D:4      | Reached skill level 7 in Air Magic
  4156 | D:4      | Reached skill level 5 in Conjurations
  4424 | D:4      | Noticed a phantom
  4426 | D:4      | Noticed an ogre
  4443 | D:5      | Entered Level 5 of the Dungeon
  4718 | D:4      | Killed a phantom
  4718 | D:4      | Reached XP level 7. HP: 28/36 MP: 0/12
  4916 | D:4      | Got a dazzling leather armour
  4927 | D:4      | Identified the cursed +0 leather armour of the Lute {-Tele Int+3 Dex+4} (You found it on level 4 of the Dungeon)
  5023 | D:4      | Noticed Blork the orc
  5033 | D:4      | Killed Blork the orc
  5629 | D:4      | Killed Edmund
  5629 | D:4      | Reached XP level 8. HP: 31/41 MP: 0/13
  5941 | D:4      | Reached skill level 8 in Conjurations
  5995 | D:4      | Killed an ogre
  6122 | D:4      | You fall through a shaft for 2 floors!
  6435 | D:6      | Reached skill level 9 in Air Magic
  6577 | D:6      | Found a glowing golden altar of the Shining One.
  7233 | D:5      | Found an ancient bone altar of Kikubaaqudgha.
  7324 | D:5      | Found a staircase to the Ecumenical Temple.
  7329 | Temple   | Entered the Ecumenical Temple
  7393 | Temple   | Became a worshipper of Vehumet
  7930 | D:5      | Found a sparkling altar of Nemelex Xobeh.
  8355 | D:5      | Reached XP level 9. HP: 45/45 MP: 5/14
  8490 | D:5      | Reached skill level 10 in Conjurations
  8490 | D:5      | Reached skill level 10 in Air Magic
  8497 | D:5      | Learned a level 5 spell: Lightning Bolt
  9808 | D:7      | Found a burning altar of Makhleb.
  9820 | D:7      | Reached * piety under Vehumet
  9820 | D:7      | Offered knowledge of Magic Dart by Vehumet.
  9825 | D:7      | Reached skill level 11 in Conjurations
  9939 | D:7      | Found a shadowy altar of Dithmenos.
  9952 | D:7      | Reached skill level 1 in Fighting
 10329 | D:8      | Found a staircase to the Lair.
 10688 | Lair:1   | Entered Level 1 of the Lair of Beasts
 11710 | D:8      | Reached skill level 5 in Dodging
 11710 | D:8      | Reached XP level 10. HP: 50/56 MP: 5/15
 11925 | D:8      | Found Afoteetu's Magic Scroll Emporium.
 11930 | D:8      | Bought a scroll of identify for 28 gold pieces
 11930 | D:8      | Bought a scroll of teleportation for 42 gold pieces
 11930 | D:8      | Bought a scroll of identify for 28 gold pieces
 11930 | D:8      | Bought a scroll of fog for 28 gold pieces
 11930 | D:8      | Bought a scroll of recharging for 133 gold pieces
 11930 | D:8      | Bought a scroll of identify for 28 gold pieces
 11930 | D:8      | Bought a scroll of noise for 14 gold pieces
 12447 | D:9      | Offered knowledge of Throw Frost by Vehumet.
 12458 | D:9      | Reached ** piety under Vehumet
 12618 | D:9      | Reached skill level 5 in Fighting
 13305 | D:10     | Entered Level 10 of the Dungeon
 13694 | D:10     | Reached skill level 5 in Spellcasting
 14211 | D:10     | Found Vaghyoz's Assorted Antiques.
 14301 | D:10     | Noticed Josephine
 14323 | D:10     | Killed Josephine
 14478 | D:10     | Found a staircase to the Orcish Mines.
 14709 | D:11     | Slain by a water elemental

Action                   |  1- 3 |  4- 6 |  7- 9 | 10-12 || total
-------------------------+-------+-------+-------+-------++-------
Melee: Dagger            |    37 |    95 |       |       ||   132
       Short sword       |       |     6 |   181 |    53 ||   240
       Great sword       |       |       |       |    25 ||    25
 Cast: Shock             |    25 |    61 |   138 |    36 ||   260
       Repel Missiles    |     1 |       |       |       ||     1
       Static Discharge  |       |     1 |     6 |    36 ||    43
       Swiftness         |       |     1 |       |     1 ||     2
Evoke: Wand              |       |       |       |     5 ||     5
  Use: Scroll            |     1 |     3 |     7 |     5 ||    16
       Potion            |       |       |     1 |     3 ||     4
 Stab: Sleeping          |     5 |     5 |    10 |     4 ||    24
  Eat: Chunk             |     3 |     9 |    22 |     4 ||    38
       Beef jerky        |       |       |     1 |       ||     1
       Meat ration       |       |       |       |     1 ||     1
